 Dungeon Crawl Stone Soup version 0.28-a0-1087-gf3fc490d9d (webtiles) character file.

Game seed: 3012050210036497013

1805 pokeman the Thaumaturge (level 8, 0/44 HPs)
             Began as a Deep Elf Hedge Wizard on Dec 10, 2021.
             Slain by Blork the orc (10 damage)
             ... on level 6 of the Dungeon.
             The game lasted 00:15:18 (6211 turns).

pokeman the Thaumaturge (Deep Elf Hedge Wizard)     Turns: 6211, Time: 00:15:19

Health: 0/44       AC:  3    Str:  7    XL:     8   Next: 84%
Magic:  8/33       EV: 12    Int: 22    God:
Gold:   253        SH:  0    Dex: 14    Spells: 17/28 levels left

rFire   . . .      SeeInvis .   e - staff of poison
rCold   . . .      Faith    .   (no shield)
rNeg    . . .      Spirit   .   m - +0 leather armour
rPois   +          Reflect  .   c - +0 hat
rElec   .          Harm     .   (no cloak)
rCorr   .          Rampage  .   (no gloves)
Will    .....                   (no boots)
Stlth   ++........              (no amulet)
HPRegen 0.14/turn               C - ring of flight
MPRegen 0.23/turn               d - ring of magical power

@: flying
A: no striking features
a: no special abilities


You were on level 6 of the Dungeon.
You visited 1 branch of the dungeon, and saw 6 of its levels.
You also visited: Sewer.

You collected 253 gold pieces.

Inventory:

Hand Weapons
 s - a +0 dagger of electrocution
 z - a +0 shortbow
Missiles
 l - 21 bolts
 r - 3 throwing nets
 u - 27 arrows
Armour
 c - a +0 hat (worn)
 m - a +0 leather armour (worn)
Magical Staves
 e - a staff of poison (weapon)
Jewellery
 d - a ring of magical power (right hand)
 n - a ring of fire
 C - a ring of flight (left hand)
Wands
 o - a wand of digging (4)
 x - a wand of iceblast (8)
Scrolls
 b - a scroll of teleportation {unknown}
 f - 4 scrolls of immolation {unknown}
 g - a scroll of acquirement {unknown}
 h - a scroll of summoning {unknown}
 j - 3 scrolls of identify {unknown}
 t - 2 scrolls of fear {unknown}
 w - a scroll of enchant weapon {unknown}
 y - a scroll of noise {unknown}
 A - a scroll of blinking {unknown}
 D - a scroll of fog {unknown}
Potions
 a - a potion of attraction {unknown}
 i - 4 potions of heal wounds
 k - 2 potions of invisibility {unknown}
 p - 3 potions of flight
 q - a potion of degeneration {unknown}
 v - a potion of might {unknown}
 B - a potion of ambrosia {unknown}
 E - a potion of curing


   Skills:
 + Level 2.0 Fighting
 - Level 3.0 Armour
 - Level 3.0 Dodging
 - Level 3.0 Stealth
 * Level 10.6 Spellcasting
 + Level 5.5 Conjurations
 - Level 1.1 Summonings
 - Level 1.1 Translocations
 + Level 4.0 Fire Magic
 - Level 1.0 Air Magic
 - Level 1.0 Poison Magic
 - Level 2.0 Evocations


You had 17 spell levels left.
You knew the following spells:

 Your Spells              Type           Power      Damage    Failure   Level
a - Magic Dart            Conj           100%       1d8       1%          1
b - Mephitic Cloud        Conj/Pois/Air  34%        N/A       9%          3
c - Call Imp              Summ           16%        N/A       8%          2
d - Blink                 Tloc           32%        N/A       8%          2
e - Conjure Flame         Conj/Fire      32%        6-21      3%          3

Your spell library contained the following spells:

 Spells                   Type           Power      Damage    Failure   Level
 Slow                     Hex            44%        N/A       9%          1
 Ensorcelled Hibernation  Hex/Ice        22%        N/A       13%         2
 Spider Form              Tmut/Pois      20%        N/A       21%         3


Dungeon Overview and Level Annotations

Branches:
Dungeon (6/15)              Sewer (visited)
 Temple: D:4-7

Altars:
Cheibriados
Elyvilon

Annotations:
D:6 Blork the orc


Message History

Okay, then.
Unknown command.
Casting: Magic Dart (safe; 1% risk of failure)
Confirm with . or Enter, or press ? or * to list all spells.
Aiming: Mephitic Cloud (dangerous; 10% risk of failure)
Press: ? - help, Shift-Dir - straight line, f - worm
Aim: a worm (noxious fumes, heavily wounded, confused, chance to affect: 81%)
Okay, then.
Unknown command.
Unknown command.
Unknown command.
You barely miss Blork the orc.
Blork the orc is lightly wounded.
Blork the orc closely misses you.
The worm is engulfed in noxious fumes.
The worm appears confused.
Unknown command.
You catch the helpless worm completely off-guard!
You hit the worm but do no damage.
The worm is heavily wounded.
Blork the orc hits you with a +0 trident!
Something hits you.
* * * LOW HITPOINT WARNING * * *
The ogre is engulfed in noxious fumes.
Unknown command.
The ogre is engulfed in noxious fumes.
The ogre appears confused.
Something wonders, "What am I doing in here?"
Something hits the worm.
The worm is engulfed in blazing flames.
You kill the worm!
Reactivating autopickup.
You feel a bit more experienced.
Your Armour skill increases to level 3!
Your Fire Magic skill increases to level 4!
Unknown command.
Unknown command.
Found a shiny tourmaline ring.
Things that are here:
a +0 club; 13 stones; an orc corpse Blork the orc cries.
Blork the orc hits you with a +0 trident!
You die...

.#.##≈≈.≈≈##... ...
.......##≈≈.≈≈##... ##..
... ..................
.... ....
.=#####.......>... ...
..... ♣.. ####..#(....
..## ....♣♣.. ##..##....
...###<. #....##
###....#..## .>....
..###....####.##.#....#.
...##
.......@o....§.....#....
<...##
.#.....##..<.○.(...#..#.
.....## ###..#
#.............#
..P♣..#[# ##.
##........##.##
......#.# # ###.###.##
## .....#...### #..#
.... . .#..#.......
....# .#... ..
........... ...#. . #..#
.. .....#...PPP ... .
#.# ..


You could see Blork the orc (fast, confused).

Vanquished Creatures
  Prince Ribbit (D:5)
  Sigmund (D:6)
  Edmund (D:4)
  A water moccasin (D:5)
  A necrophage (D:5)
  2 ogres (D:5)
  A phantom (D:6)
  A kobold brigand (Sewer)
  3 scorpions
  A howler monkey (D:4)
  A hound (D:4)
  A jelly (D:5)
  2 bullfrog skeletons
  Natasha (thrice) (D:2)
  2 iguanas
  2 orc wizards
  A killer bee zombie (D:5)
  2 hound skeletons (D:4)
  11 gnolls
  7 adders
  3 river rats
  An adder skeleton (D:4)
  2 worms
  2 dart slugs
  11 orcs
  6 bats
  8 endoplasms
  4 giant cockroaches
  4 goblins
  6 hobgoblins
  2 jackals (Sewer)
  A quokka (D:3)
  4 ball pythons
  11 frilled lizards
  8 kobolds
  7 rats
125 creatures vanquished.

Vanquished Creatures (others)
  A butterfly (D:4)
1 creature vanquished.

Grand Total: 126 creatures vanquished

Notes
Turn   | Place    | Note
-------+----------+-------------------------------------------
     0 | D:1      | pokeman the Deep Elf Hedge Wizard began the quest for the
                  | Orb.
     0 | D:1      | Reached XP level 1. HP: 10/10 MP: 7/7
   295 | D:1      | Found a faded altar of an unknown god.
   299 | D:1      | Reached XP level 2. HP: 16/16 MP: 9/9
   462 | D:1      | Reached skill level 5 in Spellcasting
   769 | D:2      | Reached XP level 3. HP: 19/20 MP: 11/11
   773 | D:2      | Learned a level 3 spell: Mephitic Cloud
   776 | D:2      | Learned a level 2 spell: Call Imp
   779 | D:2      | Learned a level 2 spell: Blink
   783 | D:2      | Learned a level 3 spell: Conjure Flame
   913 | D:2      | Reached skill level 1 in Fighting
   913 | D:2      | Reached skill level 1 in Armour
   921 | D:2      | Reached XP level 4. HP: 13/25 MP: 5/13
  1385 | D:2      | Noticed Natasha
  1399 | D:2      | Killed Natasha
  1400 | D:2      | Reached skill level 6 in Spellcasting
  1400 | D:2      | Reached skill level 1 in Fire Magic
  1568 | D:2      | Noticed Natasha
  1576 | D:2      | Killed Natasha
  1577 | D:2      | Reached XP level 5. HP: 29/29 MP: 13/15
  1598 | D:2      | Noticed Natasha
  1605 | D:2      | Killed Natasha
  2070 | D:3      | Reached skill level 1 in Air Magic
  2463 | D:3      | Reached XP level 6. HP: 30/34 MP: 17/17
  2556 | D:3      | Reached skill level 7 in Spellcasting
  2556 | D:3      | Reached skill level 1 in Poison Magic
  3037 | D:4      | Noticed Edmund
  3067 | D:4      | Killed Edmund
  3068 | D:4      | Reached skill level 1 in Evocations
  3145 | D:4      | Found a white marble altar of Elyvilon.
  3244 | D:4      | Reached XP level 7. HP: 39/39 MP: 18/20
  3360 | D:4      | Reached skill level 8 in Spellcasting
  3787 | D:4      | Found a snail-covered altar of Cheibriados.
  4208 | D:5      | Entered Level 5 of the Dungeon
  4844 | D:5      | Reached skill level 9 in Spellcasting
  4844 | D:5      | Reached XP level 8. HP: 44/44 MP: 17/23
  5255 | D:5      | Noticed Prince Ribbit
  5261 | D:5      | Killed Prince Ribbit
  5378 | D:5      | Reached skill level 5 in Conjurations
  5609 | D:6      | Reached skill level 10 in Spellcasting
  5733 | D:6      | Noticed Blork the orc
  5754 | D:6      | Noticed Sigmund
  5779 | D:6      | Found a glowing drain.
  5788 | Sewer    | Entered a sewer
  6136 | Sewer    | Found a white marble altar of Elyvilon.
  6208 | D:6      | Killed Sigmund
  6211 | D:6      | Slain by Blork the orc

Illustrated notes

Levels and vault maps discovered:
D:1:      minmay_arrival_glassed_features, layout_rooms,
          shapermc_ecumenical_altar_starsandcircs, minmay_lizard_pond
D:2:      layout_rooms, uniq_natasha
D:3:      layout_loops_ring, minivault_27
D:4:      layout_loops_ring, mainiacjoe_overflow_surrounded_room,
          nicolae_elyvilon_peaceful_grove, chequers_serial_rivers_micro_a,
          uniq_edmund
D:5:      layout_loops_cross, kennysheep_generic_room_12, uniq_prince_ribbit1
D:6:      layout_cave_pools, serial_shops, shop, serial_park,
          serial_park_tiny_1, serial_park_tiny_2, serial_park_square2,
          serial_park_square2, cheibrodos_sewer_entry_sluice,
          uniq_blork_the_orc, uniq_sigmund

Skill      XL: |  1  2  3  4  5  6  7  8 |
---------------+-------------------------+-----
Spellcasting   | 5 6 7 9 10 | 10.6
Fighting       | 1 2 |  2.0
Armour         | 1 3 |  3.0
Conjurations   | 2 3 4 5 |  5.5
Fire Magic     | 1 2 4 |  4.0
Dodging        | 3 |  3.0
Air Magic      | 1 |  1.0
Stealth        | 3 |  3.0
Poison Magic   | 1 |  1.0
Evocations     | 1 2 |  2.0
Summonings     | |  1.1
Translocations | |  1.1

Action                   |  1- 3 |  4- 6 |  7- 9 || total
-------------------------+-------+-------+-------++-------
Melee: Staff             |       |    12 |    18 ||    30
 Cast: Magic Dart        |    72 |   134 |   154 ||   360
       Mephitic Cloud    |     1 |     8 |    17 ||    26
       Conjure Flame     |     1 |     7 |    11 ||    19
       Call Imp          |       |     1 |     2 ||     3
       Blink             |       |       |     2 ||     2
 Stab: Confused          |       |       |     2 ||     2
Armor: Leather armour    |       |     6 |     3 ||     9
       Robe              |       |     1 |       ||     1
Dodge: Dodged            |     6 |    25 |    31 ||    62

Table legend: (Time is in decaauts)
 A = Elapsed time spent in this place.
 B = Non-inter-level travel time spent in this place.
 C = Inter-level travel time spent in this place.
 D = Time resting spent in this place.
 E = Time spent auto-exploring this place.
 F = Levels seen in this place.
 G = Mean time per level.
                   A        B        C        D        E       F      G
               +--------+--------+--------+--------+--------+-----+--------+
         Total |   6213 |   6063 |    150 |     45 |   5020 |   7 |  887.6 |
       Dungeon |   5829 |   5679 |    150 |     45 |   4705 |   6 |  971.5 |
         Sewer |    383 |    383 |      0 |      0 |    315 |   1 |  383.0 |
               +--------+--------+--------+--------+--------+-----+--------+

Top non-repeatable levels by time:
     D:5: 1328 daAuts
     D:4: 1202 daAuts
     D:3: 1144 daAuts
     D:2: 1115 daAuts
     D:1: 747 daAuts
   Sewer: 383 daAuts
     D:6: 291 daAuts
